 Dungeon Crawl Stone Soup version 0.29-a0-643-ga013cefcf8 (webtiles) character file.

Game seed: 17961799691737522793

18222 xian the Protected (level 12, -7/73 HPs)
             Began as a Gargoyle Fighter on June 20, 2022.
             Was an Elder of Wu Jian.
             Mangled by a death yak (16 damage)
             ... on level 11 of the Dungeon.
             The game lasted 00:53:12 (14150 turns).

xian the Protected (Gargoyle Fighter)              Turns: 14150, Time: 00:53:12

Health: -7/73      AC: 27    Str: 23    XL:     12   Next: 56%
Magic:  20/21      EV:  8    Int: 14    God:    Wu Jian [****..]
Gold:   1033       SH:  6    Dex:  9    Spells: 11/11 levels left

rFire   . . .      SeeInvis +   t - +9 hand axe "Xaothrats" {flame, +Blink SInv}
rCold   + . .      Faith    .   c - +1 buckler
rNeg    + . .      Spirit   .   B - +0 plate armour {rC+}
rPois   ∞          Reflect  .   (no helmet)
rElec   +          Harm     .   C - +0 cloak
rCorr   .          Rampage  .   (no gloves)
Will    ++...      Rage     50% j - +0 pair of boots
Stlth   ..........              A - necklace of Bloodlust {*Rage Will++ Int-3 Slay+6}
HPRegen 0.22/turn               i - +6 ring of intelligence
MPRegen 0.17/turn               o - ring of magical power

@: on blink cooldown
A: sickness immunity, AC +8, negative energy resistance 1, electricity
resistance, torment resistance 1, petrification resistance
a: Renounce Religion, Evoke Blink, Wall Jump, Serpent's Lash


You were on level 11 of the Dungeon.
You worshipped Wu Jian.
Wu Jian was greatly pleased with you.
You visited 2 branches of the dungeon, and saw 12 of its levels.
You also visited: Bailey.

You collected 1033 gold pieces.

Inventory:

Hand Weapons
 g - the +7 great sword of the Other Side {spect, rN+ Will++ Stlth+}
   (You found it in a bailey)

   When its wielder attacks, the weapon's spirit leaps out and strikes again.
   The spirit shares a part of any damage it takes with its wielder.
   rN:        It protects you from negative energy.
   Will:      It greatly increases your willpower.
   Stlth:     It makes you more stealthy.
 t - the +9 hand axe "Xaothrats" (weapon) {flame, +Blink SInv}
   (You took it off a wight on level 7 of the Dungeon)

   It burns those it strikes, dealing additional fire damage.
   Big, fiery blades are also staple armaments of hydra-hunters.
   SInv:      It lets you see invisible.
   +Blink:    It lets you blink.
Missiles
 k - 25 poisoned darts (quivered)
 x - a curare-tipped dart
 y - 3 throwing nets
Armour
 c - a +1 buckler (worn)
 j - a +0 pair of boots (worn)
 B - a +0 plate armour of cold resistance (worn)
 C - a +0 cloak (worn)
Jewellery
 i - a +6 ring of intelligence (left hand)
 o - a ring of magical power (right hand)
 A - the necklace of Bloodlust (around neck) {*Rage Will++ Int-3 Slay+6}
   (You found it on level 8 of the Dungeon)

   [amulet of nothing]

   It extends the wearer's berserk rage when killing foes.
   Int:       It affects your intelligence (-3).
   Slay:      It affects your accuracy & damage with ranged weapons and melee
   (+6).
   *Rage:     It berserks you when you make melee attacks (+50% chance).
   Will:      It greatly increases your willpower.
Wands
 p - a wand of paralysis (11)
 w - a wand of quicksilver (15)
Scrolls
 a - a scroll of fog
 b - a scroll of enchant armour
 d - 4 scrolls of identify
 l - a scroll of brand weapon
 n - a scroll of teleportation
 r - 2 scrolls of magic mapping
 s - a scroll of amnesia
 v - a scroll of enchant weapon
Potions
 e - a potion of cancellation
 f - a potion of brilliance
 h - a potion of flight
 q - 2 potions of curing


   Skills:
 + Level 7.9 Fighting
 + Level 9.4(10.4) Axes
 + Level 7.7(10.1) Maces & Flails
 + Level 2.0 Throwing
 + Level 11.5 Armour
 + Level 3.8 Dodging
 + Level 6.6 Stealth
 + Level 8.4 Shields
 + Level 1.3 Evocations


You had 11 spell levels left.
You didn't know any spells.
Your spell library contained the following spells:

 Spells                   Type           Power      Damage    Failure   Level
 Shock                    Conj/Air       0%         1d3       98%         1
 Ensorcelled Hibernation  Hex/Ice        0%         N/A       99%         2
 Passwall                 Tmut/Erth      0%         N/A       99%         2
 Scorch                   Fire           0%         2d5       99%         2
 Dazzling Flash           Conj/Hex       0%         N/A       100%        3
 Portal Projectile        Hex/Tloc       0%         N/A       100%        3
 Spider Form              Tmut/Pois      0%         N/A       100%        3
 Swiftness                Air            0%         N/A       100%        3
 Tukima's Dance           Hex            0%         N/A       100%        3
 Airstrike                Air            0%         N/A       100%        4
 Anguish                  Hex/Necr       0%         N/A       100%        4
 Flame Wave               Conj/Fire      0%         2d4       100%        4
 Iskenderun's Mystic Bla  Conj/Tloc      0%         2d3       100%        4
 Alistair's Intoxication  Tmut/Pois      0%         N/A       100%        5
 Blade Hands              Tmut           0%         N/A       100%        5
 Borgnjor's Vile Clutch   Necr/Erth      0%         N/A       100%        5
 Eringya's Noxious Bog    Tmut/Pois      0%         N/A       100%        6
 Starburst                Conj/Fire      0%         6d3       100%        6
 Summon Cactus Giant      Summ           0%         N/A       100%        6


Dungeon Overview and Level Annotations

Branches:
Dungeon (11/15)            Temple (1/1) D:4             Orc (0/2) D:11
 Bailey (visited)
   Lair: D:8-11

Altars:
Cheibriados
Elyvilon
Hepliaklqana
Wu Jian

Shops:
D:8 **


Innate Abilities, Weirdness & Mutations

You are immune to sickness and miasma.
Your stone body is resilient. (AC +8)
You are immune to poison.
You resist negative energy. (rN+)
You are resistant to electric shocks. (rElec)
You are resistant to unholy torment.
You are immune to petrification.


Message History

You slice the death yak!! You burn the death yak.
You kill the death yak!
The Council accepts your kill.
You slash the death yak! You burn the death yak.
The death yak is lightly wounded.
The death yak gores you!
Aiming: Paralyse
Press: ? - help, Shift-Dir - straight line, f - death yak
Aim: a death yak (lightly wounded, chance to affect: 2%)
The death yak resists with almost no effort.
The death yak gores you!
* * * LOW HITPOINT WARNING * * *
Aiming: Paralyse
Press: ? - help, Shift-Dir - straight line, f/p - death yak
Aim: a death yak (lightly wounded, chance to affect: 2%)
The death yak resists with almost no effort.
The death yak gores you but does no damage.
Aiming: Paralyse
Press: ? - help, Shift-Dir - straight line, f/p - death yak
Aim: a death yak (lightly wounded, chance to affect: 2%)
The death yak resists with almost no effort.
The death yak gores you but does no damage.
Aiming: Paralyse
Press: ? - help, Shift-Dir - straight line, f/p - death yak
Aim: a death yak (lightly wounded, chance to affect: 2%)
The death yak resists with almost no effort.
You block the death yak's attack.
Okay, then.
You blink.
Aiming: Paralyse
Press: ? - help, Shift-Dir - straight line, f/p - death yak
Aim: a death yak (translocational energy, lightly wounded, chance to affect: 2%)
The death yak resists with almost no effort.
You recover from your berserk rage.
Aiming: Paralyse
Press: ? - help, Shift-Dir - straight line, f/p - death yak
Aim: a death yak (lightly wounded, chance to affect: 2%)
The death yak resists with almost no effort.
The death yak attacks as you move away! The death yak gores you!
You die...

#....# #.. ..#....### #..
..#..††#.. #.. ...#....)†#
#..#######.. #....##.
#........... #...÷##.
#........#####....#.#
#.......#........#........#.
#.......#...@YCr.'.#####..###
#...<...##########.# #.....
#................r.# #.....
#..................# #.....
#..................#####.....
#............................
#...).)...........r.......##'
#.....))<........C........#..
#.....###)................'..


You could see a death yak, a cyclops and a river rat.

Vanquished Creatures
  A boulder beetle (D:11)
  2 two-headed ogres
  A centaur warrior (D:11)
  2 death yaks (D:11)
  3 deep trolls
  2 manticores (D:11)
  A cyclops (D:10)
  Maurice (D:9)
  2 unseen horrors
  A kobold demonologist (D:10)
  3 unseen horror zombies (D:9)
  2 trolls (D:11)
  3 centaur simulacra (D:10)
  3 wraiths (D:9)
  8 yaks
  2 shadows
  Grum (Bailey)
  A steam dragon (D:8)
  3 vampire mosquitoes (D:11)
  3 water moccasins
  2 acid dragons
  7 orc warriors
  3 ice beasts
  2 sky beasts
  2 black bears
  3 ogres
  3 centaurs
  6 wolves (Bailey)
  2 phantoms
  2 kobold brigands (D:7)
  2 bullfrogs
  6 gnoll sergeants (Bailey)
  A scorpion (D:4)
  18 wights
  12 killer bees
  3 howler monkeys
  3 electric eels (D:10)
  2 centaur zombies (D:9)
  7 gnoll shamans
  4 orc priests
  10 hounds
  2 jellies (D:7)
  5 iguanas
  7 orc wizards
  A hell rat (D:11)
  2 human simulacra (D:9)
  3 adders
  13 gnolls
  A river rat (D:11)
  3 shadow imps
  2 white imps (D:10)
  A howler monkey simulacrum (D:10)
  2 ufetubi
  2 worms (D:2)
  8 dart slugs
  36 orcs
  An endoplasm (D:1)
  2 giant cockroaches (D:2)
  9 goblins
  9 hobgoblins
  5 jackals
  14 kobolds
  7 quokkas
  7 ball pythons
  4 bats
  5 frilled lizards
  5 rats
301 creatures vanquished.

Vanquished Creatures (others)
  A plant (D:3)
  3 withered plants (D:9)
4 creatures vanquished.

Grand Total: 305 creatures vanquished

Notes
Turn   | Place    | Note
-------+----------+-------------------------------------------
     0 | D:1      | xian the Gargoyle Fighter began the quest for the Orb.
     0 | D:1      | Reached XP level 1. HP: 14/14 MP: 1/1
   321 | D:1      | Reached XP level 2. HP: 19/19 MP: 2/2
   642 | D:1      | Reached XP level 3. HP: 15/23 MP: 3/3
   673 | D:1      | Reached skill level 4 in Armour
  1746 | D:2      | Reached XP level 4. HP: 28/28 MP: 4/4
  2385 | D:3      | Found a faded altar of an unknown god.
  2706 | D:4      | Noticed a phantom
  2774 | D:3      | Killed a phantom
  2775 | D:3      | Reached XP level 5. HP: 10/32 MP: 5/5
  2999 | D:4      | Found a hazy altar of Hepliaklqana.
  3024 | D:4      | Found a staircase to the Ecumenical Temple.
  3033 | Temple   | Entered the Ecumenical Temple
  3046 | Temple   | Became a worshipper of the Wu Jian Council
  3294 | D:4      | Noticed an ogre
  3306 | D:4      | Killed an ogre
  3307 | D:4      | Reached skill level 5 in Armour
  3307 | D:4      | Reached XP level 6. HP: 3/38 MP: 6/6
  3327 | D:4      | Reached skill level 1 in Dodging
  3955 | D:5      | Entered Level 5 of the Dungeon
  4324 | D:5      | Reached XP level 7. HP: 25/42 MP: 7/7
  4333 | D:5      | HP: 1/42 [iguana (6)]
  4773 | D:5      | Reached skill level 5 in Maces & Flails
  4773 | D:5      | Reached skill level 6 in Armour
  5758 | D:6      | Reached XP level 8. HP: 25/48 MP: 8/8
  5917 | D:6      | Reached skill level 1 in Stealth
  6362 | D:6      | Reached * piety under Wu Jian
  6552 | D:6      | Reached skill level 5 in Shields
  6654 | D:6      | Reached skill level 7 in Armour
  6710 | D:6      | Reached skill level 5 in Fighting
  6981 | D:7      | Identified the +9 hand axe "Xaothrats" {flame, +Blink SInv}
  7005 | D:7      | Reached XP level 9. HP: 32/54 MP: 9/9
  7316 | D:7      | Reached skill level 1 in Axes
  7335 | D:7      | Reached ** piety under Wu Jian
  7362 | D:7      | Noticed an unseen horror
  7394 | D:7      | HP: 1/54 [unseen horror (7)]
  7805 | D:7      | Killed an unseen horror
  7806 | D:7      | Reached skill level 8 in Armour
  8717 | D:8      | Reached XP level 10. HP: 60/60 MP: 10/10
  8759 | D:8      | Noticed a two-headed ogre
  8772 | D:8      | Killed a two-headed ogre
  8929 | D:8      | Noticed a deep troll
  8929 | D:8      | Noticed a deep troll
  8932 | D:8      | Noticed a deep troll
  9258 | D:8      | Found Allac's General Store.
  9261 | D:8      | Found Dauntek's Specific Store.
  9346 | D:8      | Reached skill level 9 in Armour
  9464 | D:7      | Killed a deep troll
  9465 | D:7      | Reached skill level 1 in Throwing
  9715 | D:8      | Killed a deep troll
  9716 | D:8      | Reached skill level 5 in Axes
  9770 | D:8      | Found the necklace of Bloodlust {*Rage Will++ Int-3 Slay+6}
  9774 | D:8      | Killed a deep troll
  9974 | D:9      | Reached skill level 5 in Stealth
 10016 | D:9      | Reached *** piety under Wu Jian
 10017 | D:9      | Reached XP level 11. HP: 63/64 MP: 11/11
 10020 | D:9      | Reached skill level 1 in Evocations
 10108 | D:9      | Noticed Maurice
 10118 | D:9      | Killed Maurice
 10164 | D:9      | Found a flagged portal.
 10212 | Bailey   | Entered a bailey
 10556 | Bailey   | Noticed Grum
 10569 | Bailey   | Killed Grum
 10829 | Bailey   | Identified the +7 great sword of the Other Side {spect, rN+
                  | Will++ Stlth+}
 11451 | D:9      | Reached **** piety under Wu Jian
 11475 | D:9      | Reached skill level 10 in Armour
 12223 | D:10     | Entered Level 10 of the Dungeon
 12340 | D:10     | Noticed a cyclops
 12346 | D:10     | Killed a cyclops
 13677 | D:11     | Found a staircase to the Orcish Mines.
 13692 | D:11     | Reached XP level 12. HP: 72/72 MP: 12/12
 13736 | D:11     | Noticed a two-headed ogre
 13743 | D:11     | Killed a two-headed ogre
 13744 | D:11     | Reached skill level 11 in Armour
 13969 | D:11     | Noticed a centaur warrior
 13977 | D:11     | Killed a centaur warrior
 14072 | D:11     | Noticed a boulder beetle
 14076 | D:11     | Noticed a death yak
 14106 | D:11     | Noticed a death yak
 14107 | D:11     | Killed a death yak
 14110 | D:11     | Killed a boulder beetle
 14110 | D:11     | Noticed a death yak
 14141 | D:11     | Killed a death yak
 14150 | D:11     | Mangled by a death yak

Illustrated notes

Levels and vault maps discovered:
D:1:      giann_wishing_wells, layout_basic, interstate_on_off
D:2:      layout_loops_ring, minmay_three_crescents
D:3:      layout_loops_ring, dreamdust_ecumenical_altar_hidden_monk_grotto,
          eino_tiny_chamber, corexii_item_surrounded_by_moat
D:4:      layout_loops_cross, lemuel_round_altar, temple_fountains
D:5:      layout_basic
D:6:      layout_gridville
D:7:      layout_loops_cross, minmay_chambers_of_fives
D:8:      layout_rooms, nicolae_specific_store, roderic_nine_men_s_morris,
          hellmonk_guarded_unrand_vitality_bloodlust
D:9:      layout_basic, serial_undead, serial_undead_a, serial_undead_e,
          serial_undead_a, serial_undead_e, enter_bailey_4,
          hangedman_abyss_or_decor_clamps, bh_circular_ruins, uniq_maurice
D:10:     layout_basic, serial_ice, serial_ice_k, serial_ice_f, serial_ice_n,
          serial_ice_h
D:11:     minmay_the_grid_plus [minmay_the_grid_all_tris, minmay_the_grid_tree,
          minmay_the_grid_doors, minmay_the_grid_spin_star,
          minmay_the_grid_prize_inner_circle], layout_irregular_city,
          dpeg_lair_monsters, orc_david_3
Temple:   mainiacjoe_temple_circle_huts

Skill      XL: |  1  2  3  4  5  6  7  8  9 10 11 12 |
---------------+-------------------------------------+-----
Armour         | 4 5 6 7 8 9 10 11 | 11.5
Maces & Flails | 3 4 5 7 |  7.7
Dodging        | 1 2 3 |  3.8
Shields        | 4 5 6 7 8 |  8.4
Fighting       | 4 5 6 7 |  7.9
Stealth        | 1 2 5 6 |  6.6
Axes           | 3 5 8 9 |  9.4
Throwing       | 1 2 |  2.0
Evocations     | 1 |  1.3

Action                   |  1- 3 |  4- 6 |  7- 9 | 10-12 || total
-------------------------+-------+-------+-------+-------++-------
Melee: Flail             |   134 |   148 |   177 |       ||   459
       Hand axe          |       |       |   115 |   376 ||   491
Throw: Dart              |       |     2 |     4 |    12 ||    18
Invok: Lunge             |       |     4 |    22 |    53 ||    79
       Whirlwind         |       |       |     9 |    18 ||    27
 Abil: Evoke Blink       |       |       |       |     5 ||     5
Evoke: Wand              |       |       |       |    13 ||    13
  Use: Scroll            |     4 |     6 |     8 |     9 ||    27
       Potion            |       |     2 |     6 |     5 ||    13
 Stab: Distracted        |       |       |     1 |       ||     1
       Paralysed         |       |       |       |    18 ||    18
Armor: Scale mail        |   101 |   103 |   167 |    99 ||   470
       Plate armour      |       |       |       |   151 ||   151
Dodge: Dodged            |    80 |    80 |   151 |   145 ||   456
Block: Buckler           |    49 |    31 |    95 |   126 ||   301

Table legend: (Time is in decaauts)
 A = Elapsed time spent in this place.
 B = Non-inter-level travel time spent in this place.
 C = Inter-level travel time spent in this place.
 D = Time resting spent in this place.
 E = Time spent auto-exploring this place.
 F = Levels seen in this place.
 G = Mean time per level.
                   A        B        C        D        E       F      G
               +--------+--------+--------+--------+--------+-----+--------+
         Total |  14571 |  14304 |    267 |   1155 |   8415 |  13 | 1120.8 |
       Dungeon |  13446 |  13179 |    267 |    776 |   8224 |  11 | 1222.4 |
        Temple |     30 |     30 |      0 |      0 |      3 |   1 |   30.0 |
        Bailey |   1094 |   1094 |      0 |    379 |    188 |   1 | 1094.0 |
               +--------+--------+--------+--------+--------+-----+--------+

Top non-repeatable levels by time:
     D:7: 2065 daAuts
     D:5: 1667 daAuts
    D:10: 1541 daAuts
     D:9: 1391 daAuts
     D:6: 1294 daAuts
     D:1: 1285 daAuts
     D:4: 1165 daAuts
  Bailey: 1094 daAuts
     D:8: 972 daAuts
     D:2: 851 daAuts
     D:3: 696 daAuts
    D:11: 514 daAuts
  Temple: 30 daAuts
